 Dungeon Crawl Stone Soup version 0.28-a0-1616-g050a50673c (webtiles) character file.

Game seed: 7191991951423599609

5118 esteth the Geomancer (level 10, -3/61 HPs)
             Began as a Gargoyle Earth Elementalist on Jan 22, 2022.
             Was a Believer of Vehumet.
             Slain by a two-headed ogre (9 damage)
             ... on level 9 of the Dungeon.
             The game lasted 00:24:55 (14037 turns).

esteth the Geomancer (Gargoyle Earth Elementalist) Turns: 14037, Time: 00:24:55

Health: -3/61      AC: 14    Str: 19    XL:     10   Next: 58%
Magic:  15/16      EV: 12    Int: 19    God:    Vehumet [**....]
Gold:   439        SH:  0    Dex: 12    Spells: 13/18 levels left

rFire   + . .      SeeInvis .   F - +4 spear (venom)
rCold   + . .      Faith    .   (no shield)
rNeg    + . .      Spirit   .   f - +0 leather armour {rC+}
rPois   ∞          Reflect  .   O - +1 hat
rElec   +          Harm     .   D - +0 cloak
rCorr   .          Rampage  .   (no gloves)
Will    .....                   A - +0 pair of boots
Stlth   +++.......              N - amulet of magic regeneration
HPRegen 0.20/turn               p - ring of protection from fire
MPRegen 0.55/turn               r - +6 ring of strength

@: flying
A: sickness immunity, AC +7, negative energy resistance 1, electricity
resistance, torment resistance 1, petrification resistance, big wings,
camouflage 1, agile 1
a: Renounce Religion


You were on level 9 of the Dungeon.
You worshipped Vehumet.
Vehumet was pleased with you.
You visited 2 branches of the dungeon, and saw 10 of its levels.

You collected 439 gold pieces.

Inventory:

Hand Weapons
 a - a +0 dagger
 q - a -2 spear of flaming
 F - a +4 spear of venom (weapon)
 L - the +7 mace of Variability {chain chaos}
   (You found it on level 8 of the Dungeon)

   Each time it hits an enemy it has a different, random effect.
   It occasionally unleashes arcs of chaos on nearby creatures upon striking a
   foe.
Missiles
 B - 129 stones
 C - a throwing net
Armour
 b - a +0 robe
 f - a +0 leather armour of cold resistance (worn)
 k - a +0 helmet
 A - a +0 pair of boots (worn)
 D - a +0 cloak (worn)
 O - a +1 hat (worn)
Magical Staves
 h - a staff of death
Jewellery
 p - a ring of protection from fire (left hand)
 r - a +6 ring of strength (right hand)
 t - a ring of protection from cold
 N - an amulet of magic regeneration (around neck)
Wands
 j - a wand of flame (19)
 x - a wand of charming (13)
 E - a wand of digging (12)
Scrolls
 c - 6 scrolls of identify
 d - 6 scrolls of teleportation
 o - a scroll of vulnerability {unknown}
 s - a scroll of magic mapping {unknown}
 u - a scroll of enchant weapon {unknown}
 v - a scroll of silence {unknown}
 y - a scroll of amnesia {unknown}
 z - 2 scrolls of enchant armour {unknown}
 G - a scroll of noise
 H - a scroll of blinking {unknown}
 J - a scroll of fog
 M - a scroll of immolation {unknown}
Potions
 e - a potion of cancellation {unknown}
 g - a potion of berserk rage {unknown}
 i - 2 potions of haste {unknown}
 l - 2 potions of curing
 m - a potion of mutation
 n - a potion of lignification {unknown}
 w - 3 potions of heal wounds {unknown}
 I - a potion of magic {unknown}
 K - a potion of attraction {unknown}


   Skills:
 - Level 6.8 Fighting
 - Level 6.8 Armour
 - Level 3.0 Dodging
 - Level 2.1 Stealth
 + Level 4.5 Spellcasting
 - Level 8.5 Conjurations
 - Level 0.7 Transmutations
 - Level 10.2 Earth Magic


You had 13 spell levels left.
You knew the following spells:

 Your Spells              Type           Power      Damage    Failure   Level
a - Sandblast             Erth           86%        2d18      1%          1
b - Stone Arrow           Conj/Erth      78%        3d11      1%          3
c - Magic Dart            Conj           100%       1d8       1%          1

Your spell library contained the following spells:

 Spells                   Type           Power      Damage    Failure   Level
 Static Discharge         Conj/Air       20%        N/A       4%          2
 Passwall                 Tmut/Erth      20%        N/A       2%          2
 Petrify                  Tmut/Erth      25%        N/A       16%         4
 Corpse Rot               Necr/Air       8%         N/A       22%         2
 Ensorcelled Hibernation  Hex/Ice        8%         N/A       22%         2
 Poisonous Vapours        Pois/Air       8%         N/A       22%         2
 Ozocubu's Armour         Ice            4%         N/A       41%         3
 Swiftness                Air            4%         N/A       41%         3
 Metabolic Englaciation   Hex/Ice        2%         N/A       99%         5
 Simulacrum               Ice/Necr       2%         N/A       100%        6


Dungeon Overview and Level Annotations

Branches:
Dungeon (9/15)             Temple (1/1) D:5
   Lair: D:8-11         Orc: D:9-12

Altars:
Ashenzari
Cheibriados
Elyvilon
Fedhas
Gozag
Hepliaklqana
Kikubaaqudgha
Makhleb
Nemelex Xobeh
Okawaru
Qazlal
Ru
Sif Muna
Trog
Uskayaw
Vehumet
Xom
Yredelemnul
Zin
The Shining One

Shops:
D:1 (   D:3 *   D:5 (   D:6 :

Annotations:
D:5 1 runed translucent door, Crazy Yiuf
D:7 Dowan, Duvessa


Innate Abilities, Weirdness & Mutations

You are immune to sickness and miasma.
Your stone body is resilient. (AC +7)
You are immune to poison.
You resist negative energy. (rN+)
You are resistant to electric shocks. (rElec)
You are resistant to unholy torment.
You are immune to petrification.
Your large and strong wings let you fly.
Your skin changes colour to match your surroundings (Stealth+).
You are agile. (Dex +2)


Message History

The centaur shoots an arrow.
The arrow hits you but does no damage.
Casting: Stone Arrow (safe; 1% risk of failure)
Confirm with . or Enter, or press ? or * to list all spells.
Aiming: Sandblast (safe; 1% risk of failure)
Press: ? - help, Shift-Dir - straight line, f/p - two-headed ogre
Aim: a two-headed ogre, wielding a +0 giant club and a +0 dire flail (moderately wounded, 92% to hit)
The blast of sand hits the two-headed ogre!
The two-headed ogre is heavily wounded.
You closely miss the two-headed ogre.
The two-headed ogre is heavily wounded.
The two-headed ogre hits you with a +0 giant club!!
The two-headed ogre hits you with a +0 dire flail!
The centaur unwields a +0 shortbow.
The centaur hits you but does no damage.
The centaur kicks you.
The centaur wields a +0 shortbow.
The centaur shoots an arrow.
The arrow misses you.
Okay, then.
The centaur shoots an arrow.
The arrow barely misses you.
The centaur shoots an arrow.
The arrow hits you but does no damage.
Casting: Sandblast (safe; 1% risk of failure)
Confirm with . or Enter, or press ? or * to list all spells.
Aiming: Sandblast (safe; 1% risk of failure)
Press: ? - help, Shift-Dir - straight line, f/p - two-headed ogre
Aim: a two-headed ogre, wielding a +0 giant club and a +0 dire flail (heavily wounded, 92% to hit)
The blast of sand hits the two-headed ogre!
The two-headed ogre is severely wounded.
The two-headed ogre barely misses you.
The two-headed ogre hits you with a +0 dire flail!
Casting: Sandblast (safe; 1% risk of failure)
Confirm with . or Enter, or press ? or * to list all spells.
Aiming: Sandblast (safe; 1% risk of failure)
Press: ? - help, Shift-Dir - straight line, f/p - two-headed ogre
Aim: a two-headed ogre, wielding a +0 giant club and a +0 dire flail (severely wounded, 92% to hit)
The blast of sand hits the two-headed ogre!!
The two-headed ogre is almost dead.
The two-headed ogre hits you with a +0 giant club!
* * * LOW HITPOINT WARNING * * *
The two-headed ogre hits you with a +0 dire flail!
You die...

#.# ####.......#
##.### #######.#
.....# ####### #.#
##.#.# #.....# #.#
##.#.# #.....# #.#
##.#.#
#.....###.#####
##.#.#
#.)....c#.....#
##...#
#.....#O#####.#
.....# #.#.###@# #.#
###.## #.#..##.# #.#
#)# #.#.....# #.#
#.# #.#.....#####.#
#)# #.............#
##.##
##.......######
##...#####........#
...)............#.#
##...#####..#.#.#.#.


You could see a two-headed ogre and a centaur.

Vanquished Creatures
  A two-headed ogre (D:8)
  Sigmund (D:5)
  2 chaos spawn
  Grum (D:5)
  Menkaure (D:5)
  Edmund (D:6)
  A sky beast (D:4)
  A hornet zombie (D:8)
  2 orc warriors
  An ice beast (D:7)
  A necrophage (D:6)
  4 ogres
  2 wolves (D:5)
  3 centaurs
  2 kobold brigands
  A phantom (D:5)
  A bullfrog (D:9)
  2 gnoll sergeants (D:5)
  2 scorpions
  8 killer bees (D:9)
  3 water moccasin skeletons
  5 wights (D:8)
  A howler monkey (D:6)
  7 hounds
  A bullfrog zombie (D:5)
  A jelly (D:6)
  4 orc priests
  2 bullfrog skeletons
  2 gnoll shamans
  Terence (D:3)
  2 iguanas (D:6)
  5 orc wizards
  2 killer bee zombies (D:7)
  A hound skeleton (D:4)
  2 howler monkey zombies
  18 gnolls
  11 adders
  A shadow imp (D:7)
  2 ufetubi (D:6)
  An adder skeleton (D:4)
  2 worms
  2 dart slugs
  27 orcs
  An endoplasm (D:3)
  5 giant cockroaches
  7 goblins
  7 hobgoblins
  16 kobolds
  7 quokkas
  3 training dummies (D:5)
  7 ball pythons
  4 bats
  4 frilled lizards
  8 rats
210 creatures vanquished.

Vanquished Creatures (others)
  5 fungi (D:1)
  8 plants
13 creatures vanquished.

Grand Total: 223 creatures vanquished

Notes
Turn   | Place    | Note
-------+----------+-------------------------------------------
     0 | D:1      | esteth the Gargoyle Earth Elementalist began the quest for
                  | the Orb.
     0 | D:1      | Reached XP level 1. HP: 10/10 MP: 3/3
   221 | D:1      | Found Tistohin's Antique Weapon Shop.
   415 | D:1      | Reached skill level 4 in Earth Magic
   466 | D:1      | Reached XP level 2. HP: 12/15 MP: 5/5
  1434 | D:1      | Reached skill level 5 in Earth Magic
  1434 | D:1      | Reached XP level 3. HP: 6/19 MP: 0/6
  2258 | D:2      | You fall into a shaft and drop 1 floor!
  2262 | D:3      | Reached XP level 4. HP: 22/24 MP: 7/7
  2570 | D:2      | Found a faded altar of an unknown god.
  2745 | D:3      | Reached skill level 6 in Earth Magic
  2898 | D:3      | Noticed Terence
  2927 | D:3      | Killed Terence
  2931 | D:3      | Reached skill level 7 in Earth Magic
  2931 | D:3      | Reached XP level 5. HP: 3/28 MP: 1/8
  3354 | D:3      | Found Asoaq's Assorted Antiques.
  4146 | D:4      | Reached skill level 1 in Fighting
  4146 | D:4      | Reached skill level 1 in Armour
  4146 | D:4      | Reached XP level 6. HP: 11/34 MP: 5/9
  4628 | D:4      | Reached XP level 7. HP: 40/40 MP: 7/10
  5469 | D:4      | Learned a level 3 spell: Stone Arrow
  6033 | D:5      | Entered Level 5 of the Dungeon
  6123 | D:5      | Noticed Menkaure
  6276 | D:5      | Killed Menkaure
  6277 | D:5      | Reached XP level 8. HP: 46/46 MP: 4/11
  6361 | D:5      | Reached skill level 5 in Conjurations
  6665 | D:5      | Noticed Grum
  6975 | D:5      | Killed Grum
  7405 | D:5      | Found a staircase to the Ecumenical Temple.
  7416 | Temple   | Entered the Ecumenical Temple
  7632 | D:5      | Found Atilloz's Firing Range.
  8126 | D:5      | Noticed Sigmund
  8128 | D:5      | Killed Sigmund
  8462 | D:5      | Found a radiant altar of Vehumet.
  8468 | D:5      | Became a worshipper of Vehumet
  8506 | D:5      | Reached XP level 9. HP: 50/50 MP: 12/12
  8600 | D:5      | Reached skill level 8 in Earth Magic
  8869 | D:5      | Found a runed translucent door.
  8870 | D:5      | Noticed Crazy Yiuf
  8933 | D:5      | Found Izalir's Weapon Emporium.
  9144 | D:5      | Reached skill level 9 in Earth Magic
  9588 | D:6      | Gained mutation: You are agile. (Dex +2) [potion of
                  | mutation]
  9588 | D:6      | Gained mutation: Your skin changes colour to match your
                  | surroundings (Stealth+). [potion of mutation]
  9588 | D:6      | Gained mutation: Your large and strong wings let you fly.
                  | [potion of mutation]
 10003 | D:6      | Reached skill level 10 in Earth Magic
 10226 | D:6      | Reached * piety under Vehumet
 10226 | D:6      | Offered knowledge of Magic Dart by Vehumet.
 10384 | D:6      | Learned a level 1 spell: Magic Dart
 10831 | D:6      | Found Taagun's Book Boutique.
 10983 | D:6      | Noticed Edmund
 11000 | D:6      | Killed Edmund
 11320 | D:7      | Noticed Dowan
 11321 | D:7      | Noticed Duvessa
 11738 | D:8      | Found the +7 mace of Variability {chain chaos}
 11738 | D:8      | Found a shimmering altar of Xom.
 11827 | D:7      | Reached skill level 5 in Fighting
 11827 | D:7      | Reached skill level 5 in Armour
 12016 | D:7      | Reached XP level 10. HP: 59/59 MP: 10/13
 12183 | D:8      | Noticed a two-headed ogre
 12192 | D:8      | Killed a two-headed ogre
 12418 | D:8      | Reached ** piety under Vehumet
 12418 | D:8      | Offered knowledge of Static Discharge by Vehumet.
 13006 | D:8      | Found a glowing golden altar of the Shining One.
 13060 | D:8      | Found an ancient bone altar of Kikubaaqudgha.
 13168 | D:8      | Found a hazy altar of Hepliaklqana.
 14002 | D:9      | Noticed a two-headed ogre
 14037 | D:9      | Slain by a two-headed ogre

Illustrated notes

Levels and vault maps discovered:
D:1:      lemuel_arrival_muddy, layout_loops_corners, serial_shops,
          nicolae_shop_waterfront
D:2:      layout_rooms, shapermc_ecumenical_altar_ellora
D:3:      wad_lake_hut, layout_loops_ring, serial_shops, nicolae_shop_crystal,
          minmay_misc_feat_five, serial_bayou_ford_a, uniq_terence
D:4:      layout_basic, gup_sewer_entry_bubbles, serial_corexii_hall,
          chequers_hall_statues_wall_a, corexii_hall_statues_i
D:5:      layout_cave_pools, nicolae_vehumet_altar_sigil,
          minmay_temple_entry_ruins, serial_gnoll_camp,
          gnoll_camp_mini_loothouse, gnoll_camp_mini_hut, gnoll_camp_mini_house,
          gnoll_camp_mini_sergeant, gnoll_camp_mini_shop, grums_kennel,
          nicolae_shop_firing_range, uniq_crazy_yiuf_cottage, uniq_sigmund,
          uniq_menkaure
D:6:      layout_loops_corners, serial_shops, nicolae_shop_behind_doors,
          minmay_misc_feat_more_columns, dk_vineyard_2, uniq_edmund
D:7:      layout_cave_pools, uniq_duvessa
D:8:      layout_layer_cave, nicolae_kikubaaqudgha_miasma_corner,
          nzn_hepliaklqana_mist_gate, tso_altar,
          minmay_guarded_unrand_variability
D:9:      layout_loops_cross, mainiacjoe_overflow_alcove_4,
          mrwooster_statue_mirror, moated_statue
Temple:   eino_temple_scatter_basement

Skill      XL: |  1  2  3  4  5  6  7  8  9 10 |
---------------+-------------------------------+-----
Earth Magic    | 4 5 7 10 | 10.2
Fighting       | 1 2 3 5 6 |  6.8
Armour         | 1 2 5 6 |  6.8
Dodging        | 2 3 |  3.0
Conjurations   | 4 8 |  8.5
Spellcasting   | 4 |  4.5
Stealth        | |  2.1
Transmutations | |  0.7

Action                   |  1- 3 |  4- 6 |  7- 9 | 10-12 || total
-------------------------+-------+-------+-------+-------++-------
Melee: Unarmed           |    19 |       |       |       ||    19
       Dagger            |    85 |   194 |   205 |       ||   484
       Punch             |     1 |       |     4 |     2 ||     7
       Spear             |       |       |   302 |   125 ||   427
 Cast: Sandblast         |    18 |    21 |    12 |    10 ||    61
       Stone Arrow       |       |       |    56 |    19 ||    75
       Magic Dart        |       |       |       |    10 ||    10
  Use: Scroll            |       |     1 |     3 |       ||     4
       Potion            |       |       |     7 |       ||     7
 Stab: Sleeping          |     2 |     3 |     4 |     2 ||    11
Armor: Robe              |     7 |       |       |       ||     7
       Leather armour    |    48 |    78 |   230 |    75 ||   431
Dodge: Dodged            |    75 |   116 |   317 |   107 ||   615

Table legend: (Time is in decaauts)
 A = Elapsed time spent in this place.
 B = Non-inter-level travel time spent in this place.
 C = Inter-level travel time spent in this place.
 D = Time resting spent in this place.
 E = Time spent auto-exploring this place.
 F = Levels seen in this place.
 G = Mean time per level.
                   A        B        C        D        E       F      G
               +--------+--------+--------+--------+--------+-----+--------+
         Total |  14188 |  13819 |    369 |   4160 |   7366 |  10 | 1418.8 |
       Dungeon |  14026 |  13667 |    359 |   4160 |   7230 |   9 | 1558.4 |
        Temple |    161 |    151 |     10 |      0 |    136 |   1 |  161.0 |
               +--------+--------+--------+--------+--------+-----+--------+

Top non-repeatable levels by time:
     D:5: 2645 daAuts
     D:4: 2513 daAuts
     D:6: 1791 daAuts
     D:3: 1642 daAuts
     D:1: 1631 daAuts
     D:8: 1114 daAuts
     D:7: 1063 daAuts
     D:2: 911 daAuts
     D:9: 711 daAuts
  Temple: 161 daAuts
